 Dungeon Crawl Stone Soup version 0.19.5 (webtiles) character file.

25 tidbits the Charmwright (level 2, 0/19 HPs)
             Began as a High Elf Skald on Nov 17, 2017.
             Slain by a bullfrog (4 damage)
             ... on level 3 of the Dungeon.
             The game lasted 00:04:59 (501 turns).

tidbits the Charmwright (High Elf Skald)             Turns: 501, Time: 00:04:59

Health: 0/19       AC:  3    Str:  8    XL:     2   Next: 82%
Magic:  1/7        EV: 11    Int: 15    God:
Gold:   65         SH:  0    Dex: 16    Spells: 3 memorised, 2 levels left

rFire  . . .     SeeInvis .     a - +0 falchion
rCold  . . .     Gourm    .     b - +0 leather armour
rNeg   . . .     Faith    .     (no shield)
rPois  .         Spirit   .     (no helmet)
rElec  .         Reflect  .     (no cloak)
rCorr  .         Harm     .     (no gloves)
MR     .....                    (no boots)
Stlth  +.........               (no amulet)
                                n - +2 ring of dexterity
                                f - -3 ring of strength (curse)

@: infused (expiring)
A: no striking features
a: no special abilities


You were on level 3 of the Dungeon.
You were not hungry.

You visited 1 branch of the dungeon, and saw 3 of its levels.

You collected 65 gold pieces.

Inventory:

Hand Weapons
 a - a +0 falchion (weapon)
Missiles
 k - 16 bolts
Armour
 b - a +0 leather armour (worn)
 g - a +0 ring mail
   (You found it on level 1 of the Dungeon)
Jewellery
 f - a cursed -3 ring of strength (left hand)
   (You found it on level 1 of the Dungeon)
 n - a +2 ring of dexterity (right hand)
   (You found it on level 2 of the Dungeon)
Wands
 l - a wand of lightning (11/15)
   (You found it on level 2 of the Dungeon)
Scrolls
 h - a scroll of remove curse {unknown}
 j - a scroll of teleportation {unknown}
Potions
 e - a potion of curing {unknown}
 i - a potion of resistance {unknown}
 m - a potion of magic {unknown}
 o - a potion of lignification {unknown}
Books
 c - a book of Battle

   Spells                             Type                      Level
   a - Infusion                       Charms                       1
   b - Shroud of Golubria             Charms/Translocation         2
   c - Song of Slaying                Charms                       2
   d - Spectral Weapon                Hexes/Charms                 3
   e - Regeneration                   Charms/Necromancy            3
Comestibles
 d - a bread ration


   Skills:
 - Level 2.0 Fighting
 + Level 3.2 Long Blades
 - Level 0.8 Armour
 - Level 1.1 Dodging
 - Level 3.3 Spellcasting
 - Level 3.6 Charms


You had 2 spell levels left.
You knew the following spells:

 Your Spells              Type           Power        Failure   Level  Hunger
g - Shroud of Golubria    Chrm/Tloc      #.........   21%         2    ##.....
i - Infusion              Chrm           ##..         10%         1    None
y - Song of Slaying       Chrm           ##......     12%         2    ##.....


Dungeon Overview and Level Annotations

Branches:
Dungeon (3/15)

Altars:
The Shining One


Message History

The jackal bites you but does no damage.
You hit the jackal.
The jackal is moderately wounded.
The jackal closely misses you.
You riposte.
You hit the jackal.
You kill the jackal!
The jackal misses you.
You hit the jackal.
The jackal is heavily wounded.
The jackal closely misses you.
You riposte.
Your leather armour prevents you from hitting the jackal.
The jackal is heavily wounded.
You closely miss the jackal.
The jackal is heavily wounded.
The jackal closely misses you. The jackal bites you.
You hit the jackal.
The jackal is almost dead.
The jackal closely misses you.
You hit the jackal!
You kill the jackal!
The jackal barely misses you.
You hit the jackal but do no damage. The jackal bites you.
You closely miss the jackal. The jackal bites you.
The jackal barely misses you.
You hit the jackal.
The jackal is almost dead.
The jackal closely misses you.
The jackal bites you but does no damage.
You hit the jackal.
You kill the jackal!
Your Long Blades skill increases to level 3!
A kobold comes into view. It is wielding a dagger.
Your magical infusion is running out.
The kobold shouts!
You barely miss the kobold. The kobold hits you but does no damage.
You barely miss the kobold. The kobold hits you but does no damage.
You hit the kobold.
You kill the kobold!
You are no longer magically infusing your attacks.
You see here a dagger.
A rat comes into view.
A rat is nearby!
The rat bites you.
You hit the rat but do no damage. The rat barely misses you. x2
You barely miss the rat. The rat bites you.
You hit the rat.
You kill the rat!
Memorise Song of Slaying, consuming 2 spell levels and leaving 4?
You start memorising the spell.
You continue memorising. x2
You finish memorising.
Spell assigned to 'y'.
Memorise Shroud of Golubria, consuming 2 spell levels and leaving 2?
You start memorising the spell.
You continue memorising. x2
You finish memorising.
Spell assigned to 'g'.
Okay, then.
A hobgoblin comes into view. It is wielding a club.
Casting: Infusion
Confirm with . or Enter, or press ? or * to list all spells.
You begin infusing your attacks with magical energy.
You barely miss the hobgoblin. The hobgoblin hits you with a club.
You hit the hobgoblin.
The hobgoblin is almost dead.
The hobgoblin barely misses you.
You hit the hobgoblin.
You kill the hobgoblin!
You see here a club.
Found a stone staircase leading down.
Your magical infusion is running out.
There is a stone staircase leading down here.
You climb downwards.
There is a stone staircase leading up here.
You are no longer magically infusing your attacks.
Found 14 arrows.
A bullfrog comes into view.
The bullfrog croaks.
The bullfrog moves out of view.
Casting: Infusion
Confirm with . or Enter, or press ? or * to list all spells.
You begin infusing your attacks with magical energy.
You closely miss the bullfrog. The bullfrog barely misses you.
You closely miss the bullfrog. The bullfrog barely misses you.
The bullfrog hits you!
* * * LOW HITPOINT WARNING * * *
You barely miss the bullfrog.
The bullfrog hits you but does no damage.
The bullfrog hits you.
* * * LOW HITPOINT WARNING * * *
You closely miss the bullfrog.
Your magical infusion is running out.
The bullfrog hits you.
* * * LOW HITPOINT WARNING * * *
The bullfrog barely misses you.
Your leather armour prevents you from hitting the bullfrog.
The bullfrog closely misses you.
You hit the bullfrog!
The bullfrog is moderately wounded.
The bullfrog barely misses you. x2; You riposte.
You hit the bullfrog!
The bullfrog is almost dead.
You barely miss the bullfrog.
The bullfrog is almost dead.
The bullfrog hits you.
You die...

..#.#########
.......@...<#
#......F#####
..(####.. #
#..# ...#
...# ....#
.####


You could see a bullfrog.

Vanquished Creatures
  3 giant cockroaches
  3 hobgoblins
  4 jackals (D:2)
  2 kobolds
  A ball python (D:1)
  3 bats (D:1)
  2 frilled lizards
  A goblin (D:1)
  5 rats
24 creatures vanquished.

Notes
Turn   | Place    | Note
-------+----------+-------------------------------------------
     0 | D:1      | tidbits the High Elf Skald began the quest for the Orb.
     0 | D:1      | Reached XP level 1. HP: 14/14 MP: 4/4
    83 | D:1      | Reached skill level 3 in Spellcasting
   146 | D:1      | Reached XP level 2. HP: 14/19 MP: 0/7
   310 | D:1      | Found a glowing golden altar of the Shining One.
   424 | D:2      | Reached skill level 3 in Long Blades
   459 | D:2      | Learned a level 2 spell: Song of Slaying
   462 | D:2      | Learned a level 2 spell: Shroud of Golubria
   492 | D:3      | Noticed a bullfrog
   501 | D:3      | Slain by a bullfrog

Skill      XL: |  1  2 |
---------------+-------+-----
Spellcasting   | 3 |  3.3
Long Blades    | 3 |  3.2
Fighting       | |  2.0
Armour         | |  0.8
Dodging        | |  1.1
Charms         | |  3.6

Action                   || total
-------------------------++-------
Melee: Falchion          ||    59
 Cast: Infusion          ||    11
  Use: Scroll            ||     1
Armor: Leather armour    ||    22
Dodge: Dodged            ||    63
       Rpst.: Falchion   ||    17

Table legend:
 A = Turns spent in this place as a percentage of turns spent in the entire game.
 B = Non-inter-level travel turns spent in this place as a percentage of non-inter-level travel turns spent in the entire game.
 C = Inter-level travel turns spent in this place as a percentage of turns spent in this place.
 D = Turns resting spent in this place as a percentage of non-inter-level travel turns spent in this place.
 E = Turns spent auto-exploring this place as a percentage of non-inter-level travel turns spent in this place.
 F = Non-inter-level travel turns spent in this place divided by the number of levels of this place that you've seen.
                   A       B       C       D       E      F
               +-------+-------+-------+-------+-------+----------------------
         Total | 100.0 | 100.0 |   0.0 |   0.0 |   0.0 | 148.3
       Dungeon | 100.0 | 100.0 |   0.0 |   0.0 |   0.0 | 148.3
               +-------+-------+-------+-------+-------+----------------------

Table legend:
 A = Kills in this place as a percentage of kills in entire the game.
 B = Kills by you in this place as a percentage of kills by you in the entire game.
 C = Kills by friends in this place as a percentage of kills by friends in the entire game.
 D = Other kills in this place as a percentage of other kills in the entire game.
 E = Experience gained in this place as a percentage of experience gained in the entire game.
 F = Experience gained in this place divided by the number of levels of this place that you have seen.
                   A       B       C       D       E      F
               +-------+-------+-------+-------+-------+----------------------
         Total | 100.0 | 100.0 |  -nan |  -nan | 100.0 |  12.0
       Dungeon | 100.0 | 100.0 |  -nan |  -nan | 100.0 |  12.0
               +-------+-------+-------+-------+-------+----------------------

Vault maps used:
D:1:      dpeg_arrival_brainrot, serial_forest, infiniplex_forest_lined_ring,
          infiniplex_forest_clump_small, infiniplex_forest_clump_double,
          infiniplex_forest_lined_room_, tso_altar
D:3:      zin_scriptorium, uniq_sigmund
